 Dungeon Crawl Stone Soup version 0.27-a0-25-g087482e4d5 (webtiles) character file.

Game seed: 15783569598189689205

4544 DocSulfur the Covert (level 10, -7/50 HPs)
             Began as a Kobold Enchanter on Jan 2, 2021.
             Was a Believer of Dithmenos.
             Mangled by an unseen horror (10 damage)
             ... on level 8 of the Dungeon.
             The game lasted 00:35:45 (11612 turns).

DocSulfur the Covert (Kobold Enchanter)            Turns: 11612, Time: 00:35:45

Health: -7/50      AC:  6    Str:  5    XL:     10   Next: 67%
Magic:  15/19      EV: 15    Int: 17    God:    Dithmenos [**....]
Gold:   504        SH:  0    Dex: 19    Spells: 9/21 levels left

rFire    . . .     SeeInvis .   f - +4 dagger (protect)
rCold    . . .     Faith    .   (shield restricted)
rNeg     . . .     Spirit   .   b - +0 robe
rPois    .         Reflect  .   m - +0 helmet
rElec    .         Harm     .   A - +0 cloak
rCorr    .         Rampage  .   x - +0 pair of gloves
Will     .....                  g - +0 pair of boots
Stlth    ++++++++..             (no amulet)
HPRegen  0.16/turn              (no ring)
MPRegen  0.16/turn              (no ring)

@: very slightly contaminated, wreathed by umbra, invisible
A: small, nightstalker 3
a: Renounce Religion, Shadow Step


You were on level 8 of the Dungeon.
You worshipped Dithmenos.
Dithmenos was pleased with you.
You visited 2 branches of the dungeon, and saw 9 of its levels.
You also visited: Sewer and Bailey.

You collected 504 gold pieces.

Inventory:

Hand Weapons
 a - a +1 dagger
 e - a +1 dagger of speed
 f - a +4 dagger of protection (weapon)
 H - a +2 dagger of venom
Missiles
 r - 32 poisoned darts (quivered)
Armour
 b - a +0 robe (worn)
 g - a +0 pair of boots (worn)
 m - a +0 helmet (worn)
 u - a +0 kite shield
 x - a +0 pair of gloves (worn)
 A - a +0 cloak (worn)
 B - the +6 kite shield of Fashionability {rPois Int+3}
   (You found it on level 5 of the Dungeon)

   It affects your intelligence (+3).
   It protects you from poison.
Jewellery
 i - an uncursed amulet of reflection {unknown}
 o - an uncursed ring of fire {unknown}
 t - a cursed ring of attention {unknown}
 v - an uncursed ring of willpower {unknown}
 w - an uncursed ring of positive energy {unknown}
 F - an uncursed ring of see invisible {unknown}
 I - a +4 ring of protection {unknown}
Wands
 l - a wand of flame (20)
 y - a wand of iceblast (8)
 C - a wand of paralysis (7)
Scrolls
 d - a scroll of fog
 h - 2 scrolls of amnesia
 j - a scroll of noise {unknown}
 p - 3 scrolls of remove curse
 s - 2 scrolls of enchant weapon
 E - a scroll of enchant armour {unknown}
 K - 2 scrolls of identify
 L - a scroll of teleportation {unknown}
Potions
 c - 5 potions of flight
 k - 5 potions of curing
 q - a potion of brilliance {unknown}
 z - 2 potions of lignification {unknown}
 D - 2 potions of might
 G - a potion of invisibility
 J - a potion of haste {unknown}


   Skills:
 + Level 8.8 Short Blades
 - Level 2.4 Dodging
 + Level 11.3 Stealth
 - Level 6.0 Spellcasting
 - Level 4.0 Conjurations
 - Level 8.0 Hexes
 - Level 4.0 Ice Magic


You had 9 spell levels left.
You knew the following spells:

 Your Spells              Type           Power        Failure   Level
a - Corona                Hex            35%          1%          1
b - Ensorcelled Hibernat  Hex/Ice        50%          1%          2
c - Confusing Touch       Hex            32%          1%          3
d - Tukima's Dance        Hex            32%          1%          3
e - Dazzling Flash        Conj/Hex       50%          3%          3

Your spell library contained the following spells:

 Spells                   Type           Power        Failure   Level


Dungeon Overview and Level Annotations

Branches:
Dungeon (8/15)             Temple (1/1) D:5           Sewer (visited)
 Bailey (visited)
   Lair: D:8-11

Altars:
Ashenzari
Cheibriados
Dithmenos
Elyvilon
Fedhas
Gozag
Hepliaklqana
Kikubaaqudgha
Makhleb
Nemelex Xobeh
Okawaru
Qazlal
Ru
Sif Muna
Trog
Uskayaw
Vehumet
Wu Jian
Xom
Yredelemnul
Zin
The Shining One

Shops:
D:5 [

Annotations:
D:7 exclusion: oklob plant


Innate Abilities, Weirdness & Mutations

You are small and have problems with some larger weapons.
You are completely attuned to the shadows.


Message History

Something hits you but does no damage.
You feel much better. Something hits you. Something completely misses you.
Casting: Confusing Touch (safe; 1% risk of failure)
Confirm with . or Enter, or press ? or * to list all spells.
You can't see any susceptible monsters within range! (Use Z to cast anyway.)
Something hits you but does no damage. Something hits you!
As you read the scroll labelled AZADOWESIE, it crumbles to dust.
You feel blessed for a moment.
It was a scroll of remove curse.
Something hits you.
* * * LOW HITPOINT WARNING * * *
Something hits you!
* * * LOW HITPOINT WARNING * * *
Something barely misses you. Something barely misses you.
You fade into invisibility!
Something hits you.
* * * LOW HITPOINT WARNING * * *
You are very lightly contaminated with residual magic.
Something hits you!
You die...

..##.#####.## ##..###..##
...##.....## ##..#..##
....###'### ###'###
#..##..#..## ##.#.#.##
..##..#.#..## ##.......#
.##..#####..###.###.###.
.#..###(###..#..#}#.#)#
.#.###...###.##.##).)##.#
.##.#..⌠..#.##..@..#.....
.#.###...###.##.##...##.#
[#..#.#.###..#..#=#.#[#
.##..#####..###.###.###
..##..#.#..##.##.......#
...##).#..##...##.#.#.##
##..###'###..#..#######
###...S......##.......
..)..)...............#


There were no monsters in sight!

Vanquished Creatures
  A centaur warrior (D:8)
  Grinder (D:6)
  A wyvern (D:8)
  Menkaure (D:5)
  An acid dragon (D:8)
  3 ice beasts
  3 sky beasts
  2 black bears (D:8)
  3 ogres
  3 orc warriors
  A phantom (D:8)
  A big kobold (Sewer)
  2 bullfrogs
  A wyvern skeleton (D:8)
  2 scorpions (D:5)
  3 wights (D:8)
  A centaur zombie (D:5)
  A quasit (D:7)
  6 hounds
  7 jellies
  Crazy Yiuf (D:5)
  4 bullfrog skeletons
  5 orc priests
  8 orc wizards
  A centaur skeleton (D:2)
  Natasha (thrice) (D:2)
  2 iguanas
  2 worker ants
  A hound zombie (D:6)
  Robin (D:2)
  9 adders
  2 river rats
  A shadow imp (D:6)
  3 white imps (D:6)
  4 ufetubi
  20 oozes
  3 adder skeletons
  An adder zombie (D:6)
  3 worms
  3 dart slugs
  A leopard gecko (D:4)
  21 orcs
  3 ball pythons
  10 bats
  6 giant cockroaches
  15 goblins
  12 hobgoblins
  13 jackals
  2 quokkas
  A ball python skeleton (D:5)
  6 frilled lizards
  A jackal zombie (D:5)
  16 kobolds
  A leopard gecko skeleton (D:8)
  A leopard gecko zombie (D:7)
  15 rats
245 creatures vanquished.

Vanquished Creatures (others)
  4 fungi (D:7)
  19 plants
23 creatures vanquished.

Grand Total: 268 creatures vanquished

Notes
Turn   | Place    | Note
-------+----------+-------------------------------------------
     0 | D:1      | DocSulfur the Kobold Enchanter began the quest for the Orb.
     0 | D:1      | Reached XP level 1. HP: 10/10 MP: 3/3
   186 | D:1      | Reached XP level 2. HP: 5/15 MP: 3/5
   420 | D:1      | Learned a level 2 spell: Ensorcelled Hibernation
   991 | D:1      | Reached XP level 3. HP: 16/19 MP: 4/6
  1037 | D:1      | Reached skill level 1 in Ice Magic
  1107 | D:1      | Reached skill level 1 in Conjurations
  1321 | D:1      | Learned a level 3 spell: Confusing Touch
  1348 | D:2      | Noticed a sky beast
  1756 | D:2      | Reached XP level 4. HP: 24/24 MP: 8/8
  1931 | D:2      | Noticed Natasha
  1935 | D:2      | Killed Natasha
  2011 | D:2      | Noticed Robin
  2083 | D:2      | Killed Robin
  2084 | D:2      | Reached XP level 5. HP: 28/28 MP: 0/9
  2233 | D:2      | Killed a sky beast
  2234 | D:2      | Reached skill level 5 in Stealth
  2234 | D:2      | Reached XP level 6. HP: 7/32 MP: 6/10
  2494 | D:2      | Noticed Natasha
  2503 | D:2      | Killed Natasha
  3011 | D:2      | Noticed Natasha
  3028 | D:2      | Killed Natasha
  3431 | D:2      | Learned a level 3 spell: Tukima's Dance
  3488 | D:3      | Found a glowing drain.
  3509 | Sewer    | Entered a sewer
  3711 | Sewer    | Reached XP level 7. HP: 31/36 MP: 5/12
  3791 | Sewer    | Found a white marble altar of Elyvilon.
  4141 | D:3      | Found a snail-covered altar of Cheibriados.
  4141 | D:3      | Noticed a torpor snail
  4142 | D:3      | Noticed a torpor snail
  4145 | D:3      | Reached skill level 6 in Stealth
  4145 | D:3      | Noticed a torpor snail
  5298 | D:4      | Found a broken altar of Ashenzari.
  5444 | D:4      | Found a hazy altar of Hepliaklqana.
  5978 | D:5      | Entered Level 5 of the Dungeon
  6007 | D:5      | Found a shadowy altar of Dithmenos.
  6015 | D:5      | Became a worshipper of Dithmenos the Shadowed
  6202 | D:5      | Reached XP level 8. HP: 41/41 MP: 7/14
  6983 | D:5      | Found a staircase to the Ecumenical Temple.
  7202 | D:5      | Noticed Menkaure
  7206 | D:5      | Killed Menkaure
  7207 | D:5      | Reached skill level 7 in Stealth
  7228 | D:5      | Reached skill level 5 in Hexes
  7250 | D:5      | Found Nouschof's Antique Armour Shoppe.
  7267 | D:5      | Found a runed translucent door.
  7270 | D:5      | Noticed Crazy Yiuf
  7275 | D:5      | Killed Crazy Yiuf
  7344 | D:5      | Learned a level 3 spell: Dazzling Flash
  7438 | D:5      | Got a polished kite shield
  7446 | D:5      | Identified the +6 kite shield of Fashionability {rPois
                  | Int+3} (You found it on level 5 of the Dungeon)
  7517 | D:5      | Found an ancient bone altar of Kikubaaqudgha.
  7517 | D:5      | Found an iron altar of Okawaru.
  7521 | D:5      | Found a glowing silver altar of Zin.
  7521 | D:5      | Found a sparkling altar of Nemelex Xobeh.
  7707 | Temple   | Entered the Ecumenical Temple
  8387 | D:6      | Reached * piety under Dithmenos
  8388 | D:6      | Reached skill level 5 in Spellcasting
  8536 | D:6      | Reached XP level 9. HP: 45/45 MP: 16/16
  8635 | D:6      | Reached skill level 8 in Stealth
  9202 | D:6      | Noticed Grinder
  9209 | D:6      | Paralysed by Grinder for 2 turns
  9218 | D:6      | Killed Grinder
  9219 | D:6      | Reached skill level 5 in Short Blades
  9593 | D:7      | Noticed an oklob plant
  9697 | D:7      | Reached ** piety under Dithmenos
 10023 | D:7      | Found a flagged portal.
 10055 | Bailey   | Entered a bailey
 10066 | Bailey   | Noticed an orc knight
 10234 | D:7      | Reached skill level 9 in Stealth
 11247 | D:8      | Reached XP level 10. HP: 50/50 MP: 15/19
 11394 | D:8      | Reached skill level 10 in Stealth
 11495 | D:8      | Reached *** piety under Dithmenos
 11578 | D:8      | Noticed a centaur warrior
 11590 | D:8      | Killed a centaur warrior
 11591 | D:8      | Reached skill level 11 in Stealth
 11611 | D:8      | HP: 2/50 [something (2)]
 11612 | D:8      | Mangled by an unseen horror

Illustrated notes

Levels and vault maps discovered:
D:1:      eino_arrival_water_cross, layout_rooms, minmay_misc_feat_hallway,
          minmay_tetromino_o4
D:2:      layout_loops_corners, small_statue_intersection,
          wander_ebering_terrifying_dragon_lair, uniq_robin, uniq_natasha
D:3:      layout_loops_corners, cheibriados_altar_2,
          cheibrodos_sewer_entry_sluice
D:4:      layout_rooms, nicolae_ashenzari_panopticon,
          nicolae_overflow_crystal_walls
D:5:      layout_loops_ring, grunt_temple_overflow_open,
          nicolae_dithmenos_through_a_glass_darkly,
          minmay_temple_entry_poolview, serial_shops, shop_statue,
          uniq_crazy_yiuf_cottage, uniq_menkaure
D:6:      layout_rooms, serial_co_window_serial, co_window_of_opportunity_a,
          co_window_paths_a, co_window_paths_a, co_window_corner_a,
          co_window_of_opportunity_a, co_window_cross_2,
          co_window_of_opportunity_b, co_window_corner_cb, glass_columns_c,
          uniq_grinder
D:7:      lemuel_slime, layout_basic, enter_bailey_2
D:8:      minmay_the_grid_octo_2x2 [minmay_the_grid_octo_fat_diamond,
          minmay_the_grid_octo_concentric, minmay_the_grid_octo_focus,
          minmay_the_grid_octo_prize_square_snowflake], layout_rooms,
          introduction_to_nature_2
Temple:   minmay_temple_curvy_branch

Skill      XL: |  1  2  3  4  5  6  7  8  9 10 |
---------------+-------------------------------+-----
Ice Magic      | 1 2 3 4 |  4.0
Conjurations   | 1 2 3 4 |  4.0
Stealth        | 5 6 7 9 11 | 11.3
Spellcasting   | 3 4 5 6 |  6.0
Hexes          | 4 5 6 8 |  8.0
Short Blades   | 4 6 8 |  8.8
Dodging        | |  2.4

Action                   |  1- 3 |  4- 6 |  7- 9 | 10-12 || total
-------------------------+-------+-------+-------+-------++-------
Melee: Dagger            |   133 |   165 |   525 |    46 ||   869
Throw: Dart              |       |       |     2 |       ||     2
 Cast: Corona            |    22 |    18 |     6 |       ||    46
       Ensorcelled Hiber |     3 |     7 |    36 |     2 ||    48
       Confusing Touch   |       |     2 |    33 |     7 ||    42
       Dazzling Flash    |       |       |     8 |     1 ||     9
       Tukima's Dance    |       |       |     1 |       ||     1
Invok: Shadow Step       |       |       |       |     1 ||     1
  Use: Scroll            |     3 |     1 |     7 |     1 ||    12
       Potion            |       |       |     2 |     2 ||     4
 Stab: Sleeping          |    10 |    20 |    58 |    15 ||   103
       Distracted        |       |     1 |       |       ||     1
       Confused          |       |     2 |    26 |     7 ||    35
       Invisible         |       |       |     9 |       ||     9
Armor: Robe              |    32 |    44 |    88 |     5 ||   169
Dodge: Dodged            |   112 |   113 |   293 |    26 ||   544

Table legend: (Time is in decaauts)
 A = Elapsed time spent in this place.
 B = Non-inter-level travel time spent in this place.
 C = Inter-level travel time spent in this place.
 D = Time resting spent in this place.
 E = Time spent auto-exploring this place.
 F = Levels seen in this place.
 G = Mean time per level.
                   A        B        C        D        E       F      G
               +--------+--------+--------+--------+--------+-----+--------+
         Total |  11518 |  11006 |    512 |    567 |   8066 |  11 | 1047.1 |
       Dungeon |  10627 |  10115 |    512 |    339 |   7618 |   8 | 1328.4 |
        Temple |    289 |    289 |      0 |      0 |    270 |   1 |  289.0 |
         Sewer |    428 |    428 |      0 |    100 |    178 |   1 |  428.0 |
        Bailey |    173 |    173 |      0 |    128 |      0 |   1 |  173.0 |
               +--------+--------+--------+--------+--------+-----+--------+

Top non-repeatable levels by time:
     D:5: 1790 daAuts
     D:2: 1741 daAuts
     D:1: 1702 daAuts
     D:3: 1386 daAuts
     D:6: 1333 daAuts
     D:7: 1286 daAuts
     D:4: 811 daAuts
     D:8: 574 daAuts
   Sewer: 428 daAuts
  Temple: 289 daAuts
  Bailey: 173 daAuts
